 Dungeon Crawl Stone Soup version 0.28.0-53-g5a82cb258f (webtiles) character file.

Game seed: 11039810461294958955

998 unlimited1921 the Magician (level 8, -2/51 HPs)
             Began as a Djinni Fire Elementalist on June 28, 2022.
             Was a Believer of Qazlal.
             Slain by an unseen horror (4 damage)
             ... on level 5 of the Dungeon.
             The game lasted 00:19:56 (8094 turns).

unlimited1921 the Magician (DjFE)                   Turns: 8094, Time: 00:19:57

Health: -2/51      AC:  3    Str:  7    XL:     8   Next: 43%
Gold:   181        EV: 12    Int: 19    God:    Qazlal [**....] SH:  2 Dex: 14

rFire   + + .      SeeInvis .   k - +3 hunting sling (flame)
rCold   x . .      Faith    .   (no shield)
rNeg    . . .      Spirit   .   j - +0 leather armour
rPois   ∞          Reflect  .   (no helmet)
rElec   .          Harm     .   (no cloak)
rCorr   .          Rampage  .   (no gloves)
Will    .....                   (boots unavailable)
Stlth   ++........              (no amulet)
HPRegen 0.17/turn               (no ring)
MPRegen 0.00/turn               (no ring)

@: flying
A: sickness immunity, fire resistance 2, cold vulnerability 1, float, innate
caster, HP casting, extra vitality 1
a: Renounce Religion, Upheaval


You were on level 5 of the Dungeon.
You worshipped Qazlal.
Qazlal was pleased with you.
You visited 1 branch of the dungeon, and saw 5 of its levels.

You collected 181 gold pieces.

Inventory:

Hand Weapons
 b - a +0 short sword
 d - a +0 dagger
 i - a +0 mace
 k - a +3 hunting sling of flaming (weapon)
 v - a +0 rapier
Missiles
 e - 12 sling bullets (quivered ammo)
 m - 170 stones
 t - 16 bolts
 F - 2 boomerangs
 G - 2 poisoned darts
Armour
 a - a +0 robe
 h - a +2 scale mail of cold resistance
 j - a +0 leather armour (worn)
Wands
 y - a wand of polymorph (8)
Scrolls
 f - 5 scrolls of teleportation
 g - a scroll of enchant weapon {unknown}
 l - 2 scrolls of identify {unknown}
 n - a scroll of noise {unknown}
 o - a scroll of acquirement {unknown}
 p - a scroll of blinking {unknown}
 r - 2 scrolls of magic mapping {unknown}
 s - a scroll of amnesia {unknown}
 w - a scroll of immolation {unknown}
 x - a scroll of fog {unknown}
 B - a scroll of brand weapon {unknown}
 D - a scroll of holy word {unknown}
 E - a scroll of fear {unknown}
Potions
 c - a potion of degeneration {unknown}
 q - 2 potions of heal wounds {unknown}
 u - 4 potions of curing {unknown}
 z - a potion of invisibility {unknown}
 A - a potion of haste {unknown}
 C - a potion of magic {unknown}
 H - a potion of might {unknown}


   Skills:
 + Level 0.3 Fighting
 * Level 3.8 Armour
 + Level 2.4 Dodging
 + Level 2.6 Stealth
 + Level 6.4 Spellcasting


You had one spell level left.
You knew the following spells:

 Your Spells              Type           Power      Damage    Failure   Level
a - Foxfire               Conj/Fire      100%       2x1d9     1%          1
b - Scorch                Fire           60%        2d8       1%          2
c - Conjure Flame         Conj/Fire      30%        6-21      3%          3
d - Inner Flame           Hex/Fire       30%        N/A       3%          3
e - Flame Wave            Conj/Fire      30%        2d8       11%         4
f - Shock                 Conj/Air       100%       1d9       1%          1
g - Wereblood             Tmut           30%        N/A       1%          2
h - Call Imp              Summ           30%        N/A       1%          2
Your spell library was empty.

Dungeon Overview and Level Annotations

Branches:
Dungeon (5/15)             Temple (0/1) D:5

Altars:
Cheibriados
Gozag
Qazlal
Trog


Innate Abilities, Weirdness & Mutations

You are immune to sickness and miasma.
You are immune to poison.
Your flesh is very heat resistant. (rF++)
You are vulnerable to cold. (rC-)
You float through the air rather than walking.
You learn spells naturally, not from books.
Your magical power is your life essence.
You have superior vitality. (+4 MHP)


Message History

Found 10 gold pieces.
Found 4 gold pieces.
m - 170 stones (gained 19)
Found a purple potion.
You now have 162 gold pieces (gained 2).
You now have 164 gold pieces (gained 2).
You now have 165 gold pieces (gained 1).
You now have 166 gold pieces (gained 1).
You now have 168 gold pieces (gained 2).
You now have 169 gold pieces (gained 1).
You now have 170 gold pieces (gained 1).
You now have 171 gold pieces (gained 1).
Found 24 arrows.
You now have 181 gold pieces (gained 10).
There is an opulent altar of Gozag here.
H - a purple potion
Found 23 bolts.
Something hits you!
Deactivating autopickup; reactivate with Ctrl-A.
Something hits you! Something hits you! Something hits you.
You see here 4 gold pieces.
Something hits you!
* * * LOW HITPOINT WARNING * * *
Something hits you but does no damage.
Casting: Foxfire (safe; 1% risk of failure)
Confirm with . or Enter, or press ? or * to list all spells.
A beastly little devil appears in a puff of flame.
* * * LOW HITPOINT WARNING * * *
Something hits you.
* * * LOW HITPOINT WARNING * * *
Something hits you but does no damage.
You clumsily bash something but do no damage.
Something hits you.
* * * LOW HITPOINT WARNING * * *
Something hits you.
* * * LOW HITPOINT WARNING * * *
You swap places.
Something hits you.
You die...

#.......#
#######.####.......#
### #....#.......#
..########.#.......#
..........>#.......#
.....#####.#.......#
.....# #.#.......#
.....#####.#...§...##
.....'.....+..$.@...#
.....#####.#.....5..#
.....# #.#........#.(
.....#
###.#...........
.....#
#....##....####.#
.....# #....###.#.#
.. .....#
#.....##.#... #
.....#
#...#.##.######.#
.....#
#...............#


You could see a friendly crimson imp (summoned).

Vanquished Creatures
  Grinder (D:3)
  A necrophage (D:4)
  An ogre (D:5)
  A scorpion (D:4)
  A bullfrog zombie (D:5)
  4 hounds
  An orc priest (D:5)
  Terence (D:3)
  4 orc wizards
  2 iguanas (D:5)
  4 gnolls (D:4)
  8 adders
  A river rat (D:3)
  An adder skeleton (D:4)
  2 dart slugs
  15 orcs
  8 ball pythons
  4 bats
  4 endoplasms
  2 giant cockroaches
  10 goblins
  4 hobgoblins
  5 jackals (D:4)
  2 quokkas
  2 frilled lizards
  4 kobolds
  4 rats (D:3)
  A butterfly (D:5)
98 creatures vanquished.

Vanquished Creatures (collateral kills)
  An adder (D:4)
1 creature vanquished.

Vanquished Creatures (others)
  210 foxfires
210 creatures vanquished.

Grand Total: 309 creatures vanquished

Notes
Turn   | Place    | Note
-------+----------+-------------------------------------------
     0 | D:1      | unlimited1921 the Djinni Fire Elementalist began the quest
                  | for the Orb.
     0 | D:1      | Reached XP level 1. HP: 15/15 MP: 0/0
   607 | D:1      | Reached XP level 2. HP: 18/21 MP: 0/0
   666 | D:1      | Found a faded altar of an unknown god.
  1471 | D:1      | Reached skill level 3 in Spellcasting
  1716 | D:1      | Reached XP level 3. HP: 22/25 MP: 0/0
  1716 | D:1      | Learned a level 1 spell: Shock
  1935 | D:1      | You are sucked into a shaft and drop 1 floor!
  2511 | D:2      | Reached XP level 4. HP: 25/31 MP: 0/0
  2774 | D:2      | Found a stormy altar of Qazlal.
  2787 | D:2      | Became a worshipper of Qazlal Stormbringer
  3246 | D:3      | Reached skill level 1 in Armour
  3368 | D:3      | Reached XP level 5. HP: 23/35 MP: 0/0
  3368 | D:3      | Learned a level 2 spell: Wereblood
  3746 | D:3      | Found a bloodstained altar of Trog.
  3911 | D:3      | Noticed Terence
  3917 | D:3      | Killed Terence
  3918 | D:3      | Reached skill level 4 in Spellcasting
  4844 | D:3      | Noticed Grinder
  4849 | D:3      | Killed Grinder
  4850 | D:3      | Reached XP level 6. HP: 33/40 MP: 0/0
  5289 | D:3      | Reached XP level 7. HP: 41/45 MP: 0/0
  5289 | D:3      | Learned a level 2 spell: Call Imp
  5470 | D:4      | Reached * piety under Qazlal
  5702 | D:4      | Reached skill level 5 in Spellcasting
  6191 | D:4      | Found a stormy altar of Qazlal.
  6192 | D:4      | Found a snail-covered altar of Cheibriados.
  6510 | D:4      | Reached XP level 8. HP: 38/50 MP: 0/0
  7103 | D:5      | Entered Level 5 of the Dungeon
  7275 | D:5      | Reached skill level 6 in Spellcasting
  7606 | D:5      | Reached ** piety under Qazlal
  7803 | D:5      | Found a staircase to the Ecumenical Temple.
  8037 | D:5      | Found an opulent altar of Gozag.
  8093 | D:5      | HP: 1/51 [something (4)]
  8094 | D:5      | Slain by an unseen horror

Illustrated notes

Levels and vault maps discovered:
D:1:      eino_arrival_cavern_d, layout_basic,
          nicolae_ecumenical_snake_handling, serial_park_tiny_1
D:2:      layout_basic, basic_altar, minmay_pentomino_p4
D:3:      layout_basic, mainiacjoe_overflow_catwalk, portal_sewer_entry_e,
          uniq_grinder, uniq_terence
D:4:      layout_loops_ring, mainiacjoe_overflow_divided_tiny, eino_curves_04
D:5:      layout_basic, nicolae_gozag_seed_capital,
          minmay_temple_entry_butterflies, eino_small_chamber_without_monster,
          corexii_item_surrounded_by_moat

Skill      XL: |  1  2  3  4  5  6  7  8 |
---------------+-------------------------+-----
Spellcasting   | 3 4 5 6 |  6.4
Stealth        | 2 |  2.6
Armour         | 1 2 3 |  3.8
Fighting       | |  0.3
Dodging        | |  2.4

Action                   |  1- 3 |  4- 6 |  7- 9 || total
-------------------------+-------+-------+-------++-------
Melee: Hunting sling     |       |       |     1 ||     1
 Cast: Foxfire           |    48 |    37 |    45 ||   130
       Scorch            |     4 |    18 |    36 ||    58
       Inner Flame       |       |    11 |    11 ||    22
       Call Imp          |       |       |     2 ||     2
  Use: Scroll            |       |       |     1 ||     1
Armor: Leather armour    |       |     1 |     4 ||     5
Dodge: Dodged            |       |     6 |    12 ||    18
